 Dungeon Crawl Stone Soup version 0.25-a0-1137-g7f6bfe439b (webtiles) character file.

Game seed: 6833932657309394635, levelgen mode: classic

3 Amnesiac the Charmwright (level 1, 0/16 HPs)
             Began as a Merfolk Skald on May 23, 2020.
             Killed from afar by a dart slug (3 damage)
             ... with a slug dart
             ... on level 1 of the Dungeon.
             The game lasted 00:00:38 (91 turns).

Amnesiac the Charmwright (Merfolk Skald)              Turns: 91, Time: 00:00:38

Health: 0/16       AC:  4    Str: 11    XL:     1   Next: 50%
Magic:  1/3        EV: 12    Int: 12    God:
Gold:   0          SH:  0    Dex: 13    Spells: 3/4 levels left

rFire    + . .     SeeInvis .   a - +0 spear
rCold    + + .     Gourm    .   (no shield)
rNeg     . . .     Faith    .   b - +0 leather armour
rPois    .         Spirit   .   (no helmet)
rElec    .         Reflect  .   c - scarf {rC+ rF+}
rCorr    .         Harm     .   (no gloves)
MR       .....                  g - +0 pair of boots
Stlth    +.........             (no amulet)
HPRegen  0.05/turn              f - ring of protection from cold
MPRegen  0.08/turn              (no ring)

@: infused (expiring)
A: change form in water, swift swim, stealthy swim
a: no special abilities


You were on level 1 of the Dungeon.
You were not hungry.

You visited 1 branch of the dungeon, and saw 1 of its levels.

Inventory:

Hand Weapons
 a - a +0 spear (weapon)
Armour
 b - a +0 leather armour (worn)
 c - a scarf of resistance (worn)
 g - a +0 pair of boots (worn)
Jewellery
 f - a ring of protection from cold (left hand)
Scrolls
 e - a scroll of teleportation {!r, unknown}
Comestibles
 d - a ration


   Skills:
 + Level 2.2 Fighting
 * Level 3.2 Polearms
 - Level 0.6 Armour
 - Level 2.6 Dodging
 - Level 2.0 Spellcasting
 + Level 3.3 Charms


You had 3 spell levels left.
You knew the following spells:

 Your Spells              Type           Power        Failure   Level  Hunger
a - Infusion              Chrm           #...         9%          1    ##.....

Your spell library contained the following spells:

 Spells                   Type           Power        Failure   Level  Hunger
 Song of Slaying          Chrm           #.......     14%         2    ###....
 Shroud of Golubria       Chrm/Tloc      #.....       26%         2    ###....
 Ozocubu's Armour         Chrm/Ice       #.......     47%         3    ####...
 Spectral Weapon          Hex/Chrm       #.......     47%         3    ####...


Dungeon Overview and Level Annotations

Branches:
Dungeon (1/15)

Altars:


Message History

You start resting.
Your magical infusion is running out.
A goblin comes into view.
Found a scroll labeled KOSHEASO WEIMM.
A goblin is nearby!
A goblin is nearby!
A goblin is nearby!
A goblin is nearby!
You are no longer magically infusing your attacks.
g - a pair of boots You start putting on your armour.
You continue putting on your pair of boots. x4
You finish putting on your +0 pair of boots.
Casting: Infusion (safe; 10% risk of failure)
Confirm with . or Enter, or press ? or * to list all spells.
You begin infusing your attacks with magical energy.
No target in view!
No target in view!
No target in view!
No target in view!
The goblin shouts!
You hear a shout!
You see here 9 gold pieces.
A kobold comes into view. It is wielding a +0 short sword.
The kobold shouts!
The kobold throws a stone.
The stone barely misses you.
You miss the goblin. The goblin barely misses you.
The kobold throws a stone.
The stone hits you but does no damage.
You hit the goblin.
You kill the goblin!
You hit the kobold.
You kill the kobold!
No target in view!
No target in view!
A rat comes into view.
Things that are here:
a +0 short sword; 2 stones; a kobold corpse A rat is nearby!
A rat is nearby!
A dart slug comes into view.
Your magical infusion is running out.
The dart slug launches a dart at you. The slug dart hits you!
Attack whom?
Press: ? - help, Dir - move target cursor, f - rat
Aim: a rat You reach to attack!
You closely miss the rat. The dart slug launches a dart at you.
The slug dart hits you.
* * * LOW HITPOINT WARNING * * *
You are too injured to fight recklessly!
You are too injured to fight recklessly!
You are too injured to fight recklessly!
You are too injured to fight recklessly!
You hit the rat.
The rat is heavily wounded.
The rat barely misses you. The rat bites you.
* * * LOW HITPOINT WARNING * * *
Found 10 gold pieces.
You hit the rat.
You kill the rat!
The dart slug launches a dart at you. The slug dart hits you.
You die...

...$..## #......#
#......# ##......### .
#.......... ##.
#.......# .. ..
#.......###. # #.
#..@†....... # #.
#........... # #.##
#......w.... #
#..###..######### #
#.....)#
##########.####(######
#............$.....?...
#.#########..##.######.
#.# #.......##(#


You could see a dart slug.

Vanquished Creatures
  A bat (D:1)
  A goblin (D:1)
  A kobold (D:1)
  A rat (D:1)
4 creatures vanquished.

Notes
Turn   | Place    | Note
-------+----------+-------------------------------------------
     0 | D:1      | Amnesiac the Merfolk Skald began the quest for the Orb.
     0 | D:1      | Reached XP level 1. HP: 16/16 MP: 3/3
    91 | D:1      | Killed from afar by a dart slug

Illustrated notes

Levels and vault maps discovered:
D:1:      dpeg_arrival_shelter, layout_basic, nrook_campfire

Action                   || total
-------------------------++-------
Melee: Spear             ||    10
 Cast: Infusion          ||     2
Armor: Leather armour    ||     2
Dodge: Dodged            ||     7

Table legend:
 A = Non-vault XP
 B = Vault XP
 C = Vault XP percentage of total XP
 D = Non-vault monster count
 E = Vault monster count
 F = Vault count percentage of total count
                 A         B        C        D         E       F
            +---------+---------+-------+---------+---------+-------
      Total |       5 |       0 |   0.0 |       4 |       0 |   0.0
            +---------+---------+-------+---------+---------+-------
        D:1 |       5 |       0 |   0.0 |       4 |       0 |   0.0
            +---------+---------+-------+---------+---------+-------
